 Dungeon Crawl Stone Soup version 0.19.1 (webtiles) character file.

67 Mefis the Magician (level 3, -23/18 HPs)
             Began as a Deep Elf Wizard on Dec 19, 2016.
             Annihilated by a polar bear (28 damage)
             ... created by the rage of Trog
             ... on level 3 of the Dungeon.
             The game lasted 00:04:35 (2175 turns).

Mefis the Magician (Deep Elf Wizard)                Turns: 2175, Time: 00:04:36

Health: -23/18     AC:  2    Str:  4    XL:     3   Next: 98%
Magic:  0/11       EV: 13    Int: 28    God:    Xom [..*...]
Gold:   135        SH:  0    Dex: 13    Spells: 5 memorised, 2 levels left

rFire  . . .     SeeInvis .     k - +1 dagger (venom)
rCold  . . .     Gourm    .     a - +0 robe
rNeg   . . .     Faith    .     (no shield)
rPois  .         Spirit   .     b - +0 hat
rElec  .         Reflect  .     (no cloak)
rCorr  .         Harm     .     (no gloves)
MR     .....                    (no boots)
Stlth  +.........               (no amulet)
                                (no ring)
                                (no ring)

@: confused, brilliant, repel missiles, very slow
A: reduced essence
a: Renounce Religion


You were on level 3 of the Dungeon.
You worshipped Xom.
You were a toy of Xom.
You were hungry.

You visited 1 branch of the dungeon, and saw 3 of its levels.

You collected 135 gold pieces.

Inventory:

Hand Weapons
 k - a +1 dagger of venom (weapon)
 o - a +2 spear of flaming
Missiles
 f - 3 javelins (quivered)
 r - 21 poisoned needles
Armour
 a - a +0 robe (worn)
 b - a +0 hat (worn)
Scrolls
 h - 3 scrolls of fog {unknown}
 i - 3 scrolls of identify {unknown}
 j - a scroll of noise {unknown}
 m - 2 scrolls of magic mapping {unknown}
 n - a scroll of remove curse {unknown}
Potions
 e - 2 potions of curing {unknown}
 l - a potion of agility {unknown}
 p - a potion of flight {unknown}
Books
 c - a book of Minor Magic

   Spells                             Type                      Level
   a - Magic Dart                     Conjuration                  1
   b - Blink                          Translocation                2
   c - Call Imp                       Summoning                    2
   d - Repel Missiles                 Charms/Air                   2
   e - Slow                           Hexes                        2
   f - Conjure Flame                  Conjuration/Fire             3
   g - Mephitic Cloud                 Conjuration/Poison/Air       3
Comestibles
 d - 2 bread rations
 g - a meat ration
 q - a fruit


   Skills:
 + Level 1.2 Fighting
 + Level 2.8 Dodging
 + Level 2.8 Stealth
 - Level 5.0 Spellcasting
 - Level 2.2 Conjurations
 - Level 1.1 Summonings
 - Level 1.1 Translocations
 - Level 0.8 Air Magic
 - Level 0.2 Poison Magic


You had 2 spell levels left.
You knew the following spells:

 Your Spells              Type           Power        Failure   Level  Hunger
a - Magic Dart            Conj           ####         1%          1    None
b - Call Imp              Summ           ####....     1%          2    None
c - Blink                 Tloc           N/A          1%          2    None
d - Repel Missiles        Chrm/Air       ####..       1%          2    None
e - Mephitic Cloud        Conj/Pois/Air  ####....     1%          3    #......


Dungeon Overview and Level Annotations

Branches:
Dungeon (3/15)

Altars:
Cheibriados
Hepliaklqana
Trog
Xom
The Shining One


Message History

* * * LOW HITPOINT WARNING * * *
The polar bear barely misses you. The polar bear closely misses you.
Casting: Blink
Confirm with . or Enter, or press ? or * to list all spells.
Aiming: Mephitic Cloud
Press: ? - help, Shift-Dir - straight line, f - polar bear
Aim: a polar bear (berserk, fast, unusually strong, durably summoned) That beam is likely to hit you.
Continue anyway?
The ball explodes into a vile cloud!
The stinking cloud engulfs the polar bear.
The stinking cloud engulfs you!
The stinking cloud engulfs the polar bear.
You are engulfed in noxious fumes.
You choke on the stench!
You are confused.
You hear a shout! x2
The polar bear is engulfed in noxious fumes. x2
The polar bear appears confused.
The polar bear bites you!!
Ouch! That really hurt!
You die...
Xom cackles wildly!

### ... #.. #.# #.#
#.# #.# #@# .#... #h#
.... .
#h######...†...
#.h.......#..#####
#....h..)....#...?..
#.#...............#.#
# #...............#.#
#...............#.#
.............#.....


You could see 3 polar bears and a black bear (berserk).

Vanquished Creatures
  A howler monkey (D:3)
  An adder (D:3)
  2 gnolls (D:2)
  A dart slug (D:2)
  4 leopard geckos
  5 giant cockroaches
  9 goblins
  6 hobgoblins
  2 jackals (D:1)
  12 kobolds
  2 quokkas (D:2)
  6 bats
  A frilled lizard (D:1)
  6 rats
58 creatures vanquished.

Notes
Turn   | Place    | Note
-------+----------+-------------------------------------------
     0 | D:1      | Mefis the Deep Elf Wizard began the quest for the Orb.
     0 | D:1      | Reached XP level 1. HP: 10/10 MP: 7/7
   191 | D:1      | Reached XP level 2. HP: 16/16 MP: 1/9
   195 | D:1      | Learned a level 2 spell: Call Imp
   198 | D:1      | Learned a level 2 spell: Blink
   201 | D:1      | Learned a level 2 spell: Repel Missiles
   559 | D:1      | Reached skill level 1 in Fighting
   818 | D:1      | Reached XP level 3. HP: 18/20 MP: 1/11
   823 | D:1      | Learned a level 3 spell: Mephitic Cloud
  1548 | D:2      | Reached skill level 5 in Spellcasting
  1774 | D:2      | Found a faded altar of an unknown god.
  1774 | D:2      | Found a faded altar of an unknown god.
  1779 | D:2      | Found a faded altar of an unknown god.
  1781 | D:2      | Found a glowing golden altar of the Shining One.
  1783 | D:2      | Found a faded altar of an unknown god.
  1828 | D:2      | Became a worshipper of Trog the Wrathful
  1828 | D:2      | Reached * piety under Trog
  1839 | D:2      | Fell from the grace of Trog
  1839 | D:2      | Became a worshipper of Cheibriados the Contemplative
  1839 | D:2      | Reached * piety under Cheibriados
  1847 | D:2      | Fell from the grace of Cheibriados
  1847 | D:2      | Became a worshipper of Hepliaklqana the Forgotten
  1847 | D:2      | Reached * piety under Hepliaklqana
  1859 | D:2      | Fell from the grace of Hepliaklqana
  1859 | D:2      | Became a worshipper of Xom the Begetter of Turbulence
  2040 | D:3      | XOM: potion effect (agility)
  2167 | D:3      | Noticed a polar bear
  2167 | D:3      | Noticed a polar bear
  2167 | D:3      | Noticed a black bear
  2167 | D:3      | Noticed a polar bear
  2171 | D:3      | XOM: potion effect (brilliance)
  2175 | D:3      | Annihilated by a polar bear

Skill      XL: |  1  2  3 |
---------------+----------+-----
Fighting       | 1 |  1.2
Conjurations   | 2 |  2.2
Spellcasting   | 5 |  5.0
Dodging        | |  2.8
Stealth        | |  2.8
Summonings     | |  1.1
Translocations | |  1.1
Air Magic      | |  0.8
Poison Magic   | |  0.2

Action                   || total
-------------------------++-------
Melee: Dagger            ||     9
 Cast: Magic Dart        ||   127
       Repel Missiles    ||     2
       Mephitic Cloud    ||     2
       Blink             ||     2
 Stab: Sleeping          ||     2
  Eat: Chunk             ||     3
Armor: Robe              ||     3
Dodge: Dodged            ||    22
       Deflected         ||     1
